 Seeded DCSS version 0.31-a0-544-gceb718ecc6 (webtiles) character file.

Game seed: 3826825538972431165 (custom seed)

638 innerfire43 the Trooper (level 7, -18/56 HPs)
             Began as a Demonspawn Monk on Aug 15, 2023.
             Demolished by Pikel
             ... wielding a +2 whip of electrocution
              (20 damage)
             ... on level 4 of the Dungeon.
             The game lasted 00:04:43 (3258 turns).

innerfire43 the Trooper (Demonspawn Monk)           Turns: 3258, Time: 00:04:44

Health: -18/56     AC: 13    Str: 13    XL:     7   Next: 25%
Magic:  7/7        EV: 14    Int: 16    God:
Gold:   261        SH:  4    Dex: 16    Spells: 6/6 levels left

rFire   . . .        a - +0 spear
rCold   . . .        d - orb {light}
rNeg    . . .        b - +0 robe
rPois   .            s - +0 helmet
rElec   .            (no cloak)
rCorr   .            (no gloves)
SInv    .            (no boots)
Will    .....        (no amulet)
Stlth   +            e - ring "Hyxaqout" {+Blink AC+4 Int+5}
HPRegen 0.29/turn    (no ring)
MPRegen 0.10/turn

%: no passive effects
@: glowing
A: hooves 1, molten scales 1, icemail 1, condensation shield
a: Evoke Blink


You were on level 4 of the Dungeon.
You visited 1 branch of the dungeon, and saw 4 of its levels.
You also visited: Ossuary.

You collected 261 gold pieces.

Inventory:

Hand Weapons
 a - a +0 spear (weapon)
Missiles
 c - 2 boomerangs
Armour
 b - a +0 robe (worn)
 d - an orb of light (worn)
 s - a +0 helmet (worn)
Jewellery
 e - the ring "Hyxaqout" (left hand) {+Blink AC+4 Int+5}
   (You acquired it on level 1 of the Dungeon)

   [ring of protection]

   AC+4:      It affects your AC (+4).
   Int+5:     It affects your intelligence (+5).
   +Blink:    It lets you blink.
 p - a ring of protection from cold
 t - a ring of see invisible
Scrolls
 f - 2 scrolls of vulnerability {unknown}
 g - a scroll of amnesia {unknown}
 h - 2 scrolls of brand weapon {unknown}
 j - 2 scrolls of identify {unknown}
 k - 7 scrolls of noise
 n - a scroll of torment {unknown}
 q - 2 scrolls of enchant armour {unknown}
 w - a scroll of fog {unknown}
 x - a scroll of enchant weapon {unknown}
 y - a scroll of blinking {unknown}
 A - a scroll of fear {unknown}
Potions
 i - 2 potions of mutation {unknown}
 l - 3 potions of curing {unknown}
 m - 2 potions of cancellation {unknown}
 o - 4 potions of brilliance {unknown}
 r - a potion of enlightenment {unknown}
 u - 2 potions of invisibility {unknown}
 v - 2 potions of might {unknown}
 z - a potion of haste {unknown}


   Skills:
 + Level 5.5 Fighting
 + Level 4.9 Polearms
 + Level 4.9 Dodging


You had 6 spell levels left.
You didn't know any spells.
Your spell library was empty.

Dungeon Overview and Level Annotations

Branches:
Dungeon (4/15)            Ossuary (visited)
 Temple: D:4-7

Altars:

Annotations:
D:4 Eustachio, Pikel


Innate Abilities, Weirdness & Mutations

You have large cloven feet.
You are partially covered in molten scales. (AC +2)
A meltable icy envelope protects you from harm. (AC +4)
A meltable shield of frost defends you. (SH +4)


Message History

You hit the adder. Your kick misses the adder.
The adder is severely wounded.
The adder bites you but does no damage.
Pikel hits you with a +2 whip of electrocution.
You block the lemure's attack.
The lemure hits you but does no damage. x2
The lemure closely misses you.
You barely miss Pikel. Your kick misses Pikel. The adder barely misses you.
You hit Pikel but do no damage. You kick Pikel, but do no damage.
The adder closely misses you.
Pikel hits you with a +2 whip of electrocution.
The lemure misses you.
The lemure hits you but does no damage. x2
Eustachio casts a spell.
The lemure closely misses you.
Unknown command.
You hit Pikel but do no damage. The adder closely misses you.
Eustachio gestures wildly while chanting.
Eustachio blinks!
The lemure hits you but does no damage. The lemure barely misses you.
The lemure hits you but does no damage. The lemure hits you.
Pikel hits you but does no damage. The adder bites you but does no damage.
You hit Pikel.
Pikel is lightly wounded.
The lemure hits you but does no damage. x3; The lemure hits you.
Pikel hits you but does no damage. The adder bites you but does no damage.
Unknown command.
You barely miss Pikel. You kick Pikel, but do no damage.
Pikel is lightly wounded.
The lemure completely misses you. The adder barely misses you.
You block the lemure's attack. The lemure closely misses you.
The lemure hits you but does no damage. Pikel hits you but does no damage.
You are electrocuted!
* * * LOW HITPOINT WARNING * * *
You closely miss Pikel. You kick Pikel.
Pikel is lightly wounded.
The adder misses you.
The lemure hits you but does no damage. x3
The lemure closely misses you.
Pikel hits you with a +2 whip of electrocution.
* * * LOW HITPOINT WARNING * * *
You are electrocuted!!
You die...

.# ... .. .. #.# [# #..
##.# .. #..# #. ##.#
...###5###..############
......5@5...............
....#.5SK.##############
.......5### # .....#.@.
# ....##... ## ....
#.... #. ... #.... #. ..
#..... #. ##### #.


You could see Eustachio, Pikel, 4 lemures, a quasit (summoned) and an adder.

Vanquished Creatures
  Grinder (D:4)
  A centaur (D:3)
  2 human zombies (Ossuary)
  An orc priest (D:3)
  Jessica (D:2)
  6 mummies
  Robin (D:2)
  4 adders
  4 gnolls (D:3)
  A worm (D:3)
  A dart slug (D:1)
  5 orcs (D:3)
  4 bats
  8 endoplasms
  3 giant cockroaches (D:1)
  13 goblins
  7 hobgoblins
  2 jackals (D:2)
  4 kobolds
  2 quokkas
  5 ball pythons
  4 frilled lizards
  A goblin zombie (Ossuary)
  3 kobold zombies (Ossuary)
  2 orc zombies (Ossuary)
  6 rats
92 creatures vanquished.

Notes
Turn   | Place    | Note
-------+----------+-------------------------------------------
     0 | D:1      | innerfire43 the Demonspawn Monk began the quest for the
                  | Orb.
     0 | D:1      | Reached XP level 1. HP: 18/18 MP: 1/1
    51 | D:1      | Identified a scroll of acquirement
    51 | D:1      | Acquired the ring "Hyxaqout" {+Blink AC+4 Int+5}
   221 | D:1      | Gained mutation: A meltable shield of frost defends you.
                  | (SH +4) [demonic ancestry]
   221 | D:1      | Reached XP level 2. HP: 24/24 MP: 2/2
   652 | D:2      | Gained mutation: You are partially covered in molten
                  | scales. (AC +2) [demonic ancestry]
   652 | D:2      | Reached XP level 3. HP: 17/29 MP: 3/3
  1043 | D:2      | Noticed Robin
  1057 | D:2      | Killed Robin
  1058 | D:2      | Reached XP level 4. HP: 26/37 MP: 4/4
  1336 | D:2      | Noticed Jessica
  1346 | D:2      | Killed Jessica
  1347 | D:2      | Reached skill level 4 in Fighting
  1732 | D:3      | Gained mutation: A meltable icy envelope protects you from
                  | harm. (AC +4) [demonic ancestry]
  1732 | D:3      | Reached XP level 5. HP: 17/42 MP: 5/5
  2463 | D:4      | Noticed Grinder
  2466 | D:4      | Noticed a centaur
  2467 | D:4      | Paralysed by Grinder for 2 turns
  2530 | D:3      | Killed a centaur
  2531 | D:3      | Gained mutation: You have large cloven feet. [demonic
                  | ancestry]
  2531 | D:3      | Reached XP level 6. HP: 11/49 MP: 6/6
  2686 | D:4      | Paralysed by Grinder for 3 turns
  2693 | D:4      | Killed Grinder
  2694 | D:4      | Reached skill level 5 in Fighting
  2701 | D:4      | Found a sand-covered staircase.
  2710 | D:4      | Reached XP level 7. HP: 13/56 MP: 7/7
  2713 | Ossuary  | Entered an ossuary
  3229 | D:4      | Noticed Eustachio
  3233 | D:4      | Noticed Pikel
  3257 | D:4      | HP: 2/56 [Pikel/+2 whip of electrocution (15)]
  3258 | D:4      | Demolished by Pikel

Illustrated notes

Levels and vault maps discovered:
D:1:      roderic_crop_circles_arrival_large, layout_basic
D:2:      layout_basic, minmay_distorted, uniq_robin, uniq_jessica
D:3:      layout_basic, minivault_24, minmay_box_of_dots
D:4:      layout_rooms, nicolae_qazlal_eye_of_the_storm,
          mainiacjoe_overflow_chevrons, minmay_temple_entry_statues_fountains,
          gup_ossuary_entry_pyramid, nicolae_elevator_lobby_asterisk,
          uniq_grinder, uniq_eustachio, uniq_pikel, uniq_duvessa

Skill      XL: |  1  2  3  4  5  6 |
---------------+-------------------+-----
Dodging        | 3 4 |  4.9
Polearms       | 3 4 |  4.9
Fighting       | 4 5 |  5.5

Action                     |  1- 3 |  4- 6 |  7- 9 || total
---------------------------+-------+-------+-------++-------
  Melee: Spear             |   141 |   203 |   110 ||   454
         Kick              |       |    14 |    51 ||    65
    Use: Scroll            |     1 |       |       ||     1
         Potion            |       |     1 |       ||     1
   Stab: Sleeping          |     1 |       |       ||     1
 Armour: Robe              |    38 |    88 |    44 ||   170
  Dodge: Dodged            |    70 |   144 |    64 ||   278
  Block: Orb               |    18 |    40 |    18 ||    76

Table legend: (Time is in decaauts)
 A = Elapsed time spent in this place.
 B = Non-inter-level travel time spent in this place.
 C = Inter-level travel time spent in this place.
 D = Time resting spent in this place.
 E = Time spent auto-exploring this place.
 F = Levels seen in this place.
 G = Mean time per level.
                   A        B        C        D        E       F      G
               +--------+--------+--------+--------+--------+-----+--------+
         Total |   3219 |   3100 |    119 |      0 |   2292 |   5 |  643.8 |
       Dungeon |   2778 |   2659 |    119 |      0 |   2012 |   4 |  694.5 |
       Ossuary |    440 |    440 |      0 |      0 |    280 |   1 |  440.0 |
               +--------+--------+--------+--------+--------+-----+--------+

Top non-repeatable levels by time:
     D:3: 1038 daAuts
     D:2: 941 daAuts
     D:1: 639 daAuts
 Ossuary: 440 daAuts
     D:4: 159 daAuts
